 Dungeon Crawl Stone Soup version 0.29-a0-330-g52719c12eb (webtiles) character file.

Game seed: 1599850717515205195

284 gruber the Chiller (level 6, 0/41 HPs)
             Began as a Demonspawn Ice Elementalist on Apr 29, 2022.
             Slain by a phantom (3 damage)
             ... on level 3 of the Dungeon.
             The game lasted 00:05:18 (4665 turns).

gruber the Chiller (Demonspawn Ice Elementalist)    Turns: 4665, Time: 00:05:19

Health: 0/41       AC:  6    Str:  8    XL:     6   Next: 7%
Magic:  4/10       EV: 11    Int: 19    God:
Gold:   95         SH:  0    Dex: 13    Spells: 3/11 levels left

rFire   x . .      SeeInvis +   v - +0 trident
rCold   + . .      Faith    .   (no shield)
rNeg    . . .      Spirit   .   u - +0 ring mail
rPois   .          Reflect  .   (no helmet)
rElec   .          Harm     .   (no cloak)
rCorr   .          Rampage  .   c - +0 pair of gloves
Will    .....                   (no boots)
Stlth   ++........              l - amulet of the acrobat
HPRegen 0.13/turn               d - ring of ice
MPRegen 0.12/turn               r - ring of see invisible

@: no status effects
A: sturdy frame 2
a: no special abilities


You were on level 3 of the Dungeon.
You visited 1 branch of the dungeon, and saw 4 of its levels.

You collected 95 gold pieces.

Inventory:

Hand Weapons
 v - a +0 trident (weapon)
Missiles
 n - 2 javelins
Armour
 c - a +0 pair of gloves (worn)
 u - a +0 ring mail (worn)
Jewellery
 d - a ring of ice (left hand)
 l - an amulet of the acrobat (around neck)
 r - a ring of see invisible (right hand)
Scrolls
 e - a scroll of magic mapping {unknown}
 g - 3 scrolls of enchant weapon {unknown}
 h - 3 scrolls of identify {unknown}
 j - 3 scrolls of teleportation {unknown}
 k - a scroll of noise {unknown}
 m - 3 scrolls of fear {unknown}
 o - a scroll of brand weapon {unknown}
 q - 4 scrolls of summoning {unknown}
 s - 2 scrolls of enchant armour {unknown}
 t - a scroll of immolation {unknown}
Potions
 a - 2 potions of haste {unknown}
 b - a potion of magic
 f - 2 potions of degeneration {unknown}
 i - 5 potions of flight {unknown}
 p - 2 potions of mutation {unknown}
 w - 2 potions of curing {unknown}
 x - a potion of cancellation {unknown}


   Skills:
 - Level 1.7 Dodging
 - Level 1.7 Stealth
 - Level 3.0 Spellcasting
 + Level 6.3 Ice Magic


You had 3 spell levels left.
You knew the following spells:

 Your Spells              Type           Power      Damage    Failure   Level
a - Freeze                Ice            100%       1d11      1%          1
b - Frozen Ramparts       Ice            80%        1d10      4%          3
c - Hailstorm             Conj/Ice       22%        3d7       45%         4

Your spell library contained the following spells:

 Spells                   Type           Power      Damage    Failure   Level
 Ozocubu's Armour         Ice            40%        N/A       4%          3
 Blink                    Tloc           4%         N/A       28%         2
 Tukima's Dance           Hex            2%         N/A       50%         3
 Anguish                  Hex/Necr       1%         N/A       88%         4
 Manifold Assault         Tloc           2%         N/A       99%         5
 Enfeeble                 Hex            1%         N/A       100%        7
 Storm Form               Tmut/Air       1%         N/A       100%        7


Dungeon Overview and Level Annotations

Branches:
Dungeon (4/15)
 Temple: D:4-7

Altars:
Nemelex Xobeh

Shops:
D:1 [(


Innate Abilities, Weirdness & Mutations

Your movements are less encumbered by armour. (ER -4)


Message History

Confirm with . or Enter, or press ? or * to list all spells.
Okay, then.
Casting: Frozen Ramparts (dangerous; 4% risk of failure)
Confirm with . or Enter, or press ? or * to list all spells.
Aiming: Freeze (safe; 1% risk of failure)
Press: ? - help, Shift-Dir - straight line, f - phantom
Aim: a phantom (moderately damaged)
You feel a surge of power!
You freeze the phantom.
The phantom resists.
The phantom is heavily damaged.
The phantom hits you but does no damage.
Unknown command.
Unknown command.
Casting: Freeze (safe; 1% risk of failure)
Confirm with . or Enter, or press ? or * to list all spells.
Aiming: Freeze (safe; 1% risk of failure)
Press: ? - help, Shift-Dir - straight line, f/p - phantom
Aim: a phantom (heavily damaged)
You feel a surge of power!
You freeze the phantom.
The phantom resists.
The phantom is heavily damaged.
The phantom hits you.
* * * LOW HITPOINT WARNING * * *
Casting: Freeze (safe; 1% risk of failure)
Confirm with . or Enter, or press ? or * to list all spells.
Aiming: Freeze (safe; 1% risk of failure)
Press: ? - help, Shift-Dir - straight line, f/p - phantom
Aim: a phantom (heavily damaged)
You feel a surge of power!
You freeze the phantom but do no damage.
The phantom completely resists.
The phantom hits you.
* * * LOW HITPOINT WARNING * * *
The phantom blinks!
You blink.
Casting: Freeze (safe; 1% risk of failure)
Confirm with . or Enter, or press ? or * to list all spells.
Aiming: Freeze (safe; 1% risk of failure)
Press: ? - help, Shift-Dir - straight line, f/p - phantom
Aim: a phantom (heavily damaged)
You feel a surge of power!
You freeze the phantom.
The phantom resists.
The phantom is heavily damaged.
The phantom hits you.
You die...

# ##..##.# #..#......##.#.......
####...##.###..#.#...###.........
'...............ยงยง...............
####..#.#.###........####........ #
#.###..# #.##.#..## ##....)..
##.#.### #.##.#.## ##.....# ##.##
#)##.#.# ##...## #.# #<##W#.# ##'##
#.# #.##@#.# #.# #)# #.##.#.# #.#
## #.# #.##.#.# ##.## .# #.#
#......# ##...## .# #.#
####.##########.....# .# #.#
#................. .#####.#
##############.### .......# ###
.#######


You could see a phantom.

Vanquished Creatures
  A water moccasin zombie (D:4)
  A gnoll shaman (D:4)
  A jelly (D:4)
  An iguana (D:4)
  A scorpion zombie (D:4)
  3 gnolls
  3 adders
  A worm (D:2)
  3 dart slugs
  An orc (D:3)
  8 ball pythons
  11 endoplasms
  2 giant cockroaches (D:4)
  6 goblins
  2 jackals (D:4)
  5 quokkas
  2 bats
  3 frilled lizards
  A kobold (D:1)
  4 rats
60 creatures vanquished.

Vanquished Creatures (others)
  9 plants (D:1)
  A withered plant (D:4)
10 creatures vanquished.

Grand Total: 70 creatures vanquished

Notes
Turn   | Place    | Note
-------+----------+-------------------------------------------
     0 | D:1      | gruber the Demonspawn Ice Elementalist began the quest for
                  | the Orb.
     0 | D:1      | Reached XP level 1. HP: 13/13 MP: 3/3
   259 | D:1      | Found Fuuhih's Weapon Boutique.
   378 | D:1      | Reached skill level 4 in Ice Magic
   378 | D:1      | Gained mutation: Your movements are slightly less
                  | encumbered by armour. (ER -2) [demonic ancestry]
   378 | D:1      | Reached XP level 2. HP: 19/19 MP: 3/5
   552 | D:1      | Found Akouxi's Antique Armour Shoppe.
  1119 | D:2      | Found a faded altar of an unknown god.
  1506 | D:2      | Reached XP level 3. HP: 10/24 MP: 0/6
  2760 | D:3      | Gained mutation: Your movements are less encumbered by
                  | armour. (ER -4) [demonic ancestry]
  2760 | D:3      | Reached XP level 4. HP: 30/30 MP: 5/8
  2928 | D:3      | Found a sparkling altar of Nemelex Xobeh.
  3224 | D:3      | Learned a level 3 spell: Frozen Ramparts
  3229 | D:3      | Learned a level 4 spell: Hailstorm
  3498 | D:4      | Noticed a phantom
  3546 | D:4      | Reached skill level 5 in Ice Magic
  3748 | D:4      | Reached XP level 5. HP: 22/35 MP: 9/9
  4187 | D:4      | Reached skill level 6 in Ice Magic
  4435 | D:4      | Reached XP level 6. HP: 29/41 MP: 6/10
  4665 | D:3      | Slain by a phantom

Illustrated notes

Levels and vault maps discovered:
D:1:      psy_arrival_dodecagon, layout_basic, serial_shops, shop,
          nicolae_square_shop, minivault_26, serial_bayou_lake_a
D:2:      layout_basic, hellmonk_ecumenical_altar_pennies_from_heaven,
          minmay_crystal_water, grunt_decor_junction, grunt_ministairs_8,
          amcnicky_mini_rare_corridor_liquid, nrook_mini_vaults
D:3:      layout_loops_corners, nemelex_dance_club_becter
D:4:      layout_rooms, serial_undead, serial_undead_d, serial_undead_c,
          serial_undead_c, serial_undead_b, serial_undead_f, serial_undead_e,
          serial_undead_a, serial_undead_c, serial_undead_f, serial_undead_a,
          kennysheep_generic_room_5

Skill      XL: |  1  2  3  4  5 |
---------------+----------------+-----
Ice Magic      | 4 5 6 |  6.3
Spellcasting   | 3 |  3.0
Dodging        | |  1.7
Stealth        | |  1.7

Action                   |  1- 3 |  4- 6 || total
-------------------------+-------+-------++-------
Melee: Unarmed           |    26 |     5 ||    31
       Trident           |       |    45 ||    45
       Punch             |       |     1 ||     1
Throw: Javelin           |     3 |       ||     3
 Cast: Freeze            |    62 |    25 ||    87
       Frozen Ramparts   |       |     6 ||     6
 Stab: Sleeping          |     1 |     1 ||     2
Armor: Robe              |    14 |       ||    14
       Ring mail         |       |    27 ||    27
Dodge: Dodged            |    37 |    82 ||   119

Table legend: (Time is in decaauts)
 A = Elapsed time spent in this place.
 B = Non-inter-level travel time spent in this place.
 C = Inter-level travel time spent in this place.
 D = Time resting spent in this place.
 E = Time spent auto-exploring this place.
 F = Levels seen in this place.
 G = Mean time per level.
                   A        B        C        D        E       F      G
               +--------+--------+--------+--------+--------+-----+--------+
         Total |   4714 |   4416 |    298 |    348 |   3390 |   4 | 1178.5 |
       Dungeon |   4714 |   4416 |    298 |    348 |   3390 |   4 | 1178.5 |
               +--------+--------+--------+--------+--------+-----+--------+

Top non-repeatable levels by time:
     D:3: 1664 daAuts
     D:2: 1340 daAuts
     D:1: 1030 daAuts
     D:4: 679 daAuts
